 Dungeon Crawl Stone Soup version 0.23.0 (webtiles) character file.

Game seed: 5352939341232323820

405 fakechuck the Sneak (level 6, -7/43 HPs)
             Began as an Octopode Abyssal Knight on Feb 16, 2019.
             Was a Believer of Lugonu.
             Mangled by a gnoll
             ... wielding a +0 spear
              (8 damage)
             ... on level 6 of the Dungeon.
             The game lasted 00:19:28 (6504 turns).

fakechuck the Sneak (Octopode Abyssal Knight)       Turns: 6504, Time: 00:19:29

Health: -7/43      AC:  1    Str: 11    XL:     6   Next: 87%
Magic:  8/8        EV: 14    Int: 17    God:    Lugonu [**....]
Gold:   186        SH:  0    Dex: 11    Spells: 2/5 levels left

rFire    . . .     SeeInvis .   a - +1 spear
rCold    . . .     Gourm    .   (no shield)
rNeg     . . .     Faith    .   (helmet restricted)
rPois    .         Spirit   .   (no amulet)
rElec    .         Reflect  .   (no ring)
rCorr    .         Harm     .   (no ring)
MR       .....                  (no ring)
Stlth    ++++......             (no ring)
HPRegen  0.14/turn              (no ring)
MPRegen  0.11/turn              (no ring)
                                (no ring)
                                (no ring)

@: no status effects
A: almost no armour, stealthy swim, amphibious, 8 rings, constrict 8, camouflage
1, gelatinous body 1
a: Depart the Abyss, Bend Space, Renounce Religion


You were on level 6 of the Dungeon.
You worshipped Lugonu.
Lugonu was pleased with you.
You were not hungry.

You visited 1 branch of the dungeon, and saw 6 of its levels.
You visited the Abyss 1 time.

You collected 186 gold pieces.

Inventory:

Hand Weapons
 a - a +1 spear (weapon)
 f - a +0 trident
Missiles
 u - 19 stones (quivered)
Jewellery
 h - a +5 ring of intelligence {unknown}
 r - an uncursed ring of protection from fire {unknown}
Scrolls
 c - 4 scrolls of identify {unknown}
 e - 2 scrolls of enchant weapon {unknown}
 j - 2 scrolls of amnesia {unknown}
 k - 2 scrolls of blinking {unknown}
 l - 2 scrolls of fog {unknown}
 m - 2 scrolls of magic mapping {unknown}
 n - a scroll of random uselessness {unknown}
 p - 3 scrolls of teleportation {unknown}
 q - a scroll of remove curse {unknown}
 t - a scroll of enchant armour {unknown}
Potions
 d - a potion of magic {unknown}
 g - a potion of might {unknown}
 i - a potion of heal wounds {unknown}
 o - a potion of curing {unknown}
 v - a potion of invisibility {unknown}
Comestibles
 b - 9 rations


   Skills:
 + Level 3.9 Fighting
 + Level 4.0 Polearms
 + Level 3.4 Dodging
 * Level 5.0 Stealth
 * Level 0.1 Summonings
 + Level 3.4 Invocations


You had 2 spell levels left.
You knew the following spells:

 Your Spells              Type           Power        Failure   Level  Hunger
a - Summon Small Mammal   Summ           #...         22%         1    ##.....
b - Call Imp              Summ           #.......     34%         2    ###....

Your spell library contained the following spells:

 Spells                   Type           Power        Failure   Level  Hunger
 Call Canine Familiar     Summ           #.......     56%         3    ####...
 Summon Guardian Golem    Hex/Summ       #.......     56%         3    ####...
 Summon Ice Beast         Ice/Summ       #.......     93%         4    #####..
 Summon Lightning Spire   Summ/Air       #.......     93%         4    #####..


Dungeon Overview and Level Annotations

Branches:
Dungeon (6/15)             Temple (0/1) D:5

Altars:

Annotations:
D:3 Natasha
D:4 Edmund
D:5 Sigmund


Innate Abilities, Weirdness & Mutations

You cannot wear most types of armour.
You are very stealthy in the water. (Stealth+)
You are amphibious.
You can wear up to eight rings at the same time.
You can use your tentacles to constrict eight enemies at once.
Your skin changes colour to match your surroundings (Stealth+).
Your rubbery body absorbs attacks. (AC +1, EV +1)


Message History

* * * LOW HITPOINT WARNING * * *
You release your grip on the gnoll shaman.
The gnoll shaman invokes the aid of its god against you.
You resist with some effort.
Okay, then.
You hear the hiss of a distant avalanche of sand.
There is a stone staircase leading down here.
The gnoll shaman calls upon its god to speed up the gnoll.
The gnoll seems to speed up.
The gnoll is no longer moving quickly.
Throwing (i - inventory)
u - 21 stones (quivered)
Press: ? - help, Shift-Dir - straight line, f - gnoll shaman
Aim: a gnoll shaman, wielding a +0 whip and wearing a +2 leather armour of poison resistance You throw a stone.
The stone hits the gnoll shaman but does no damage.
Throwing (i - inventory)
u - 20 stones (quivered)
Press: ? - help, Shift-Dir - straight line, f/p - gnoll shaman
Aim: a gnoll shaman, wielding a +0 whip and wearing a +2 leather armour of poison resistance You throw a stone.
The stone hits the gnoll shaman.
The gnoll shaman is lightly wounded.
You hit the gnoll shaman but do no damage.
Your grab misses the gnoll shaman.
The gnoll shaman is lightly wounded.
The gnoll shaman completely misses you.
The gnoll hits you from afar with a +0 spear.
* * * LOW HITPOINT WARNING * * *
You are too injured to fight recklessly!
You are too injured to fight recklessly!
You are too injured to fight recklessly!
You closely miss the gnoll shaman. Your grab misses the gnoll shaman.
The gnoll shaman is lightly wounded.
The gnoll closely misses you. The gnoll shaman barely misses you.
You closely miss the gnoll shaman.
The gnoll shouts!
You grab the gnoll shaman. You squeeze the gnoll shaman.
The gnoll shaman is moderately wounded.
You constrict the gnoll shaman, but do no damage.
The gnoll hits you from afar with a +0 spear.
* * * LOW HITPOINT WARNING * * *
The gnoll shaman hits you with a +0 whip!
* * * LOW HITPOINT WARNING * * *
You hit the gnoll shaman but do no damage.
The gnoll shaman is moderately wounded.
You constrict the gnoll shaman, but do no damage.
The gnoll hits you from afar with a +0 spear!
* * * LOW HITPOINT WARNING * * *
The gnoll shaman hits you with a +0 whip.
* * * LOW HITPOINT WARNING * * *
The gnoll hits you from afar with a +0 spear!
You die...

### ############ ##
##.# #.........)#
#.###.#.##.########.#
# #.#.###......<.# #.#
.###...#....####@# #.#
#.#.###.##..# #g# #.#
#...#####...# #g###.#
..#.........####g....#
....##...........##..#
.#.##.###...####g##..#
.....#####..####.##..#
.#...##.........>##..#
......#.##...........#


You could see a gnoll shaman and 3 gnolls.

Vanquished Creatures
  A howler monkey (D:5)
  2 crimson imps (D:5)
  A bullfrog skeleton (D:4)
  A centaur skeleton (D:5)
  An iguana (D:5)
  Natasha (D:3)
  2 worker ants (D:5)
  A gnoll (D:6)
  3 adders
  3 oozes
  An adder skeleton (D:5)
  2 worms
  2 dart slugs (D:1)
  2 leopard geckos
  8 orcs
  A giant cockroach (D:2)
  4 goblins
  3 hobgoblins
  7 jackals
  10 kobolds
  2 quokkas
  3 ball pythons
  A ball python zombie (D:5)
  9 bats
  7 frilled lizards
  8 rats
86 creatures vanquished.

Notes
Turn   | Place    | Note
-------+----------+-------------------------------------------
     0 | Abyss:1  | fakechuck the Octopode Abyssal Knight began the quest for
                  | the Orb.
     0 | Abyss:1  | Reached XP level 1. HP: 16/16 MP: 2/2
    49 | Abyss:2  | Noticed a freezing wraith
    55 | D:1      | Escaped the Abyss
   105 | D:1      | Reached skill level 1 in Stealth
   280 | D:1      | Reached XP level 2. HP: 20/21 MP: 3/3
   798 | D:1      | Reached skill level 2 in Stealth
   798 | D:1      | Reached XP level 3. HP: 18/26 MP: 4/4
   915 | D:1      | Reached * piety under Lugonu
  1644 | D:2      | Reached XP level 4. HP: 27/31 MP: 5/5
  2497 | D:2      | Reached ** piety under Lugonu
  2498 | D:2      | Found a faded altar of an unknown god.
  2771 | D:2      | Reached skill level 3 in Stealth
  2980 | D:3      | Noticed Natasha
  3574 | D:4      | Reached XP level 5. HP: 6/36 MP: 5/7
  3595 | D:4      | HP: 1/36 [poisoned by an adder]
  4794 | D:5      | Entered Level 5 of the Dungeon
  4840 | D:5      | Reached skill level 4 in Stealth
  4949 | D:5      | Noticed Sigmund
  4955 | D:5      | Noticed Edmund
  5159 | D:3      | Killed Natasha
  5159 | D:3      | Reached XP level 6. HP: 43/43 MP: 8/8
  5195 | D:3      | Noticed Natasha
  6227 | D:5      | Found a staircase to the Ecumenical Temple.
  6326 | D:6      | Learned a level 1 spell: Summon Small Mammal
  6329 | D:6      | Learned a level 2 spell: Call Imp
  6456 | D:6      | Reached skill level 5 in Stealth
  6504 | D:6      | HP: 1/43 [gnoll shaman/+0 whip (6)]
  6504 | D:6      | Mangled by a gnoll

Skill      XL: |  1  2  3  4  5  6 |
---------------+-------------------+-----
Stealth        | 1 2 3 4 5 |  5.0
Polearms       | 3 4 |  4.0
Dodging        | 3 |  3.4
Invocations    | 3 |  3.4
Fighting       | |  3.9
Summonings     | |  0.1

Action                   |  1- 3 |  4- 6 || total
-------------------------+-------+-------++-------
Melee: Spear             |    80 |   205 ||   285
       Constrict         |    14 |    36 ||    50
       Tentacles         |     3 |    29 ||    32
Throw: Stone             |       |     2 ||     2
Invok: Depart the Abyss  |     1 |       ||     1
       Bend Space        |       |     1 ||     1
 Stab: Sleeping          |     9 |    22 ||    31
  Eat: Chunk             |     2 |    12 ||    14
       Ration            |       |     1 ||     1
Armor: Skin              |     3 |     7 ||    10
Dodge: Dodged            |    26 |    63 ||    89
